 Dungeon Crawl Stone Soup version 0.26.1-10-gdfb7c7de75 (webtiles) character file.

Game seed: 4058358166384661462

186 phalm the Insei (level 5, -2/34 HPs)
             Began as an Octopode Transmuter on Apr 2, 2021.
             Was a Believer of Uskayaw.
             Slain by a jackal (3 damage)
             ... on level 4 of the Dungeon.
             The game lasted 00:06:04 (4444 turns).

phalm the Insei (Octopode Transmuter)               Turns: 4444, Time: 00:06:05

Health: -2/34      AC:  1    Str:  9    XL:     5   Next: 66%
Magic:  4/9        EV: 14    Int: 16    God:    Uskayaw [**....]
Gold:   104        SH:  0    Dex: 13    Spells: 6/10 levels left

rFire    . . .     SeeInvis .     - Unarmed
rCold    . . .     Faith    .   (no shield)
rNeg     . . .     Spirit   .   (helmet currently unavailable)
rPois    .         Reflect  .   (no amulet)
rElec    .         Harm     .   g - ring of stealth
rCorr    .         Rampage  .   (no ring)
Will     .....                  (no ring)
Stlth    +++.......             (no ring)
HPRegen  0.11/turn              (no ring)
MPRegen  0.11/turn              (no ring)
                                (no ring)
                                (no ring)

@: appendages
A: almost no armour, stealthy swim, amphibious, 8 rings, constrict 8, tentacle
spike 3, camouflage 1, gelatinous body 1
a: End Transformation, Renounce Religion, Stomp, Line Pass


You were on level 4 of the Dungeon.
You worshipped Uskayaw.
Uskayaw was noncommittal.
One of your tentacles had a temporary spike.
You visited 1 branch of the dungeon, and saw 4 of its levels.

You collected 104 gold pieces.

Inventory:

Jewellery
 g - a ring of stealth (left tentacle)
Wands
 l - a wand of iceblast (9)
 m - a wand of disintegration (7)
Scrolls
 b - 3 scrolls of amnesia {unknown}
 d - a scroll of blinking {unknown}
 f - a scroll of immolation {unknown}
 h - 2 scrolls of identify {unknown}
 k - a scroll of teleportation {unknown}
 o - a scroll of fear {unknown}
Potions
 a - a potion of might {unknown}
 c - a potion of mutation {unknown}
 e - a potion of ambrosia {unknown}
 i - a potion of invisibility {unknown}
 j - a potion of brilliance {unknown}
 n - a potion of heal wounds {unknown}


   Skills:
 + Level 2.1 Fighting
 + Level 2.6 Dodging
 + Level 3.5 Unarmed Combat
 * Level 3.1 Spellcasting
 * Level 3.2 Transmutations
 * Level 1.3 Poison Magic
 + Level 0.6 Invocations


You had 6 spell levels left.
You knew the following spells:

 Your Spells              Type           Power        Failure   Level
a - Beastly Appendage     Tmut           26%          4%          1
b - Spider Form           Tmut/Pois      4%           22%         3

Your spell library contained the following spells:

 Spells                   Type           Power        Failure   Level
 Wereblood                Tmut           13%          8%          2
 Ice Form                 Ice/Tmut       7%           67%         4
 Blade Hands              Tmut           6%           80%         5


Dungeon Overview and Level Annotations

Branches:
Dungeon (4/15)
 Temple: D:4-7

Altars:
Gozag
Makhleb
Nemelex Xobeh
Uskayaw
The Shining One

Annotations:
D:3 1 runed translucent door, Crazy Yiuf


Innate Abilities, Weirdness & Mutations

You cannot wear most types of armour.
You are very stealthy in the water. (Stealth+)
You are amphibious.
You can wear up to eight rings at the same time.
You can use your tentacles to constrict eight enemies at once.
Your skin changes colour to match your surroundings (Stealth+).
Your rubbery body absorbs attacks. (AC +1, EV +1)
One of your tentacles bears a large vicious spike.


Message History

A jackal comes into view.
A jackal is nearby!
You tentacle-slap the jackal. You grab the jackal.
You pierce the jackal.
You kill the jackal!
Your tentacle spike disappears.
A jackal comes into view.
You closely miss the jackal. Your grab misses the jackal.
A jackal comes into view. x2
The jackal closely misses you. The jackal barely misses you.
The jackal barely misses you.
You tentacle-slap the jackal. Your grab misses the jackal.
The jackal is severely wounded.
Casting: Beastly Appendage (safe; 4% risk of failure)
Confirm with . or Enter, or press ? or * to list all spells.
One of your tentacles grows a vicious spike.
The jackal bites you.
* * * LOW HITPOINT WARNING * * *
The jackal bites you.
You die...

.........
.........
........ #
#...#.# #.
#.#...#.####....
#...............
#.....<####
#.##.......?#
#......h@##.#
#.####.#h##.#.#
...#h.....#
#.###))..>.## ..
...###..# .#
#### ....# .#.#
# #


You could see 3 jackals.

Vanquished Creatures
  An orc priest (D:4)
  7 adders
  An ooze (D:1)
  3 worms
  3 leopard geckos
  5 orcs
  4 bats
  4 giant cockroaches
  7 goblins
  14 hobgoblins
  3 jackals
  8 kobolds
  2 quokkas
  A ball python (D:1)
  2 frilled lizards
  7 rats
72 creatures vanquished.

Notes
Turn   | Place    | Note
-------+----------+-------------------------------------------
     0 | D:1      | phalm the Octopode Transmuter began the quest for the Orb.
     0 | D:1      | Reached XP level 1. HP: 13/13 MP: 3/3
   278 | D:1      | Reached XP level 2. HP: 9/18 MP: 5/5
   836 | D:1      | Reached XP level 3. HP: 19/23 MP: 4/6
  1622 | D:2      | Reached XP level 4. HP: 11/28 MP: 5/8
  2605 | D:2      | Found a faded altar of an unknown god.
  2607 | D:2      | Became a worshipper of Uskayaw the Reveller
  2607 | D:2      | Reached * piety under Uskayaw
  2612 | D:2      | Learned a level 3 spell: Spider Form
  2906 | D:2      | Reached XP level 5. HP: 29/34 MP: 7/9
  2961 | D:2      | Found a burning altar of Makhleb.
  3023 | D:3      | Reached ** piety under Uskayaw
  3209 | D:3      | Found an opulent altar of Gozag.
  3540 | D:3      | Found an opulent altar of Gozag.
  3541 | D:3      | Found a sparkling altar of Nemelex Xobeh.
  3546 | D:3      | Reached skill level 1 in Poison Magic
  3723 | D:3      | Found a glowing golden altar of the Shining One.
  3882 | D:3      | Found a runed translucent door.
  3883 | D:3      | Noticed Crazy Yiuf
  4444 | D:4      | HP: 1/34 [jackal (3)]
  4444 | D:4      | Slain by a jackal

Illustrated notes

Levels and vault maps discovered:
D:1:      heliophobic_arrival_glass_houses, layout_basic, st_stairs_4,
          chequers_arboretum
D:2:      layout_basic, lemuel_doored_altar, chequers_ecumenical_altar_twisty
D:3:      layout_basic, grunt_temple_overflow_opulence,
          nicolae_tso_swordbearing_angel, grunt_gozag_breadcrumbs,
          uniq_crazy_yiuf_cottage
D:4:      layout_loops_cross, nzn_hepliaklqana_mist_gate,
          lexackson_kobold_supper

Skill      XL: |  1  2  3  4  5 |
---------------+----------------+-----
Transmutations | 3 |  3.2
Spellcasting   | 3 |  3.1
Poison Magic   | 1 |  1.3
Fighting       | 2 |  2.1
Dodging        | |  2.6
Unarmed Combat | |  3.5
Invocations    | |  0.6

Action                   |  1- 3 |  4- 6 || total
-------------------------+-------+-------++-------
Melee: Unarmed           |    71 |   102 ||   173
       Constrict         |    23 |    23 ||    46
       Tentacles         |    18 |    14 ||    32
       Punch             |     1 |     2 ||     3
       Kick              |     8 |    10 ||    18
 Cast: Beastly Appendage |     5 |     7 ||    12
Invok: Stomp             |       |     3 ||     3
Evoke: Wand              |       |     1 ||     1
 Stab: Sleeping          |     6 |    12 ||    18
Armor: Skin              |     8 |     2 ||    10
Dodge: Dodged            |    32 |    58 ||    90
